 Dungeon Crawl Stone Soup version 0.29-a0-885-gb26ba3297d (webtiles) character file.

Game seed: 14535633507805092842

30 frimble the Magician (level 3, -4/24 HPs)
             Began as a Demonspawn Hedge Wizard on July 21, 2022.
             Slain by a worm (11 damage)
             ... on level 2 of the Dungeon.
             The game lasted 00:01:17 (1938 turns).

frimble the Magician (Demonspawn Hedge Wizard)      Turns: 1938, Time: 00:01:17

Health: -4/24      AC:  3    Str: 10    XL:     3   Next: 5%
Magic:  7/7        EV: 12    Int: 15    God:
Gold:   135        SH:  0    Dex: 14    Spells: 7/8 levels left

rFire   . . .      SeeInvis .     - Unarmed
rCold   . . .      Faith    .   (no shield)
rNeg    . . .      Spirit   .   b - +0 robe
rPois   .          Reflect  .   c - +1 hat
rElec   .          Harm     .   (no cloak)
rCorr   .          Rampage  .   (no gloves)
Will    .....                   (no boots)
Stlth   ++........              (no amulet)
HPRegen 0.08/turn               (no ring)
MPRegen 0.10/turn               (no ring)

@: no status effects
A: demonic touch 2
a: no special abilities


You were on level 2 of the Dungeon.
You visited 1 branch of the dungeon, and saw 2 of its levels.

You collected 135 gold pieces.

Inventory:

Armour
 b - a +0 robe (worn)
 c - a +1 hat (worn)
Scrolls
 f - 2 scrolls of poison {unknown}
 l - a scroll of identify {unknown}
 m - a scroll of vulnerability {unknown}
Potions
 a - a potion of lignification {unknown}
 d - a potion of magic
 e - a potion of haste {unknown}
 g - a potion of brilliance {unknown}
 h - a potion of might {unknown}
 i - a potion of degeneration {unknown}
 j - a potion of attraction {unknown}
 k - a potion of mutation {unknown}


   Skills:
 - Level 1.7 Short Blades
 - Level 1.7 Dodging
 - Level 1.7 Stealth
 + Level 1.4 Unarmed Combat
 - Level 3.0 Spellcasting
 - Level 1.0 Conjurations
 - Level 1.0 Summonings
 - Level 0.8 Translocations


You had 7 spell levels left.
You knew the following spells:

 Your Spells              Type           Power      Damage    Failure   Level
a - Magic Dart            Conj           20%        1d4       13%         1

Your spell library contained the following spells:

 Spells                   Type           Power      Damage    Failure   Level
 Slow                     Hex            8%         N/A       21%         1
 Call Imp                 Summ           5%         N/A       21%         2
 Blink                    Tloc           8%         N/A       22%         2
 Ensorcelled Hibernation  Hex/Ice        4%         N/A       30%         2
 Passwall                 Tmut/Erth      1%         N/A       30%         2
 Conjure Flame            Conj/Fire      3%         6-21      43%         3
 Mephitic Cloud           Conj/Pois/Air  3%         N/A       45%         3
 Swiftness                Air            2%         N/A       52%         3


Dungeon Overview and Level Annotations

Branches:
Dungeon (2/15)

Altars:
Gozag


Innate Abilities, Weirdness & Mutations

Your touch may inflict irresistible damage on your foes.


Message History

The kobold throws a stone.
The stone misses you.
The kobold throws a stone.
The stone barely misses you.
You hit the kobold but do no damage. The kobold hits you with a +0 whip.
You barely miss the kobold. The kobold hits you with a +0 whip.
You hit the kobold.
The kobold is moderately wounded.
The kobold hits you but does no damage.
You hit the kobold but do no damage.
The kobold is moderately wounded.
The kobold barely misses you.
You closely miss the kobold.
The kobold is moderately wounded.
The kobold closely misses you.
You hit the kobold but do no damage. Your touch misses the kobold.
The kobold is moderately wounded.
The kobold hits you with a +0 whip.
You barely miss the kobold.
The kobold is moderately wounded.
The kobold hits you but does no damage.
You hit the kobold.
You touch the kobold.
You kill the kobold!
You hit the worm but do no damage. You barely miss the worm.
The worm bites you.
You are too injured to fight recklessly!
You are too injured to fight recklessly!
You hit the worm.
The worm is lightly wounded.
You hit the worm but do no damage.
The worm is lightly wounded.
The worm bites you but does no damage.
You hit the worm.
The worm is lightly wounded.
The worm bites you!
* * * LOW HITPOINT WARNING * * *
You hit the worm. You punch the worm.
The worm is heavily wounded.
You hit the worm but do no damage.
The worm is heavily wounded.
The worm bites you!
You die...

##########....
#########...........#.
........#.......###.#.
................+....#
######.#.......##....
#.#.......รท.....
#.#.............
#########.########......
......w@..# #....##
......##### . ####...
..... ....####... ....
........... ...
....####)## .. .
.####... . .........
#........ #........


You could see a worm.

Vanquished Creatures
  A worm (D:2)
  2 dart slugs (D:1)
  2 endoplasms
  3 goblins
  3 hobgoblins (D:1)
  3 kobolds
  2 quokkas
  A ball python (D:2)
  2 bats
  A frilled lizard (D:2)
  3 rats
23 creatures vanquished.

Notes
Turn   | Place    | Note
-------+----------+-------------------------------------------
     0 | D:1      | frimble the Demonspawn Hedge Wizard began the quest for the
                  | Orb.
     0 | D:1      | Reached XP level 1. HP: 13/13 MP: 4/4
   201 | D:1      | Reached skill level 1 in Short Blades
   449 | D:1      | Gained mutation: Your touch may inflict minor irresistible
                  | damage on your foes. [demonic ancestry]
   449 | D:1      | Reached XP level 2. HP: 15/19 MP: 6/6
   969 | D:1      | Found a faded altar of an unknown god.
  1015 | D:1      | Found an opulent altar of Gozag.
  1372 | D:2      | Reached skill level 1 in Unarmed Combat
  1715 | D:2      | Gained mutation: Your touch may inflict irresistible damage
                  | on your foes. [demonic ancestry]
  1715 | D:2      | Reached XP level 3. HP: 12/24 MP: 7/7
  1938 | D:2      | Slain by a worm

Illustrated notes

Levels and vault maps discovered:
D:1:      dpeg_arrival_lava_altar, layout_loops_ring,
          chequers_ecumenical_altar_twisty, minmay_bisected
D:2:      layout_basic, minivault_24, minmay_misc_feat_chi, minmay_diced_spiral

Skill      XL: |  1  2 |
---------------+-------+-----
Short Blades   | 1 |  1.7
Unarmed Combat | 1 |  1.4
Dodging        | |  1.7
Stealth        | |  1.7
Spellcasting   | |  3.0
Conjurations   | |  1.0
Summonings     | |  1.0
Translocations | |  0.8

Action                   || total
-------------------------++-------
Melee: Dagger            ||    95
       Touch             ||    11
       Punch             ||     3
       Unarmed           ||    15
  Use: Scroll            ||     2
 Stab: Sleeping          ||     1
Armor: Robe              ||    14
Dodge: Dodged            ||    55

Table legend: (Time is in decaauts)
 A = Elapsed time spent in this place.
 B = Non-inter-level travel time spent in this place.
 C = Inter-level travel time spent in this place.
 D = Time resting spent in this place.
 E = Time spent auto-exploring this place.
 F = Levels seen in this place.
 G = Mean time per level.
                   A        B        C        D        E       F      G
               +--------+--------+--------+--------+--------+-----+--------+
         Total |   1930 |   1896 |     34 |      0 |   1657 |   2 |  965.0 |
       Dungeon |   1930 |   1896 |     34 |      0 |   1657 |   2 |  965.0 |
               +--------+--------+--------+--------+--------+-----+--------+

Top non-repeatable levels by time:
     D:1: 1321 daAuts
     D:2: 609 daAuts
